 Dungeon Crawl Stone Soup version 0.23.2-33-g5129a83184 (webtiles) character file.

Game seed: 13290173819125874012

86 redwoodhats the Magician (level 4, -3/34 HPs)
             Began as a Draconian Wanderer on July 12, 2019.
             Slain by a gnoll
             ... wielding a +0 flail
              (9 damage)
             ... on level 2 of the Dungeon.
             The game lasted 00:06:14 (937 turns).

redwoodhats the Magician (Draconian Wanderer)        Turns: 937, Time: 00:06:15

Health: -3/34      AC:  5    Str: 14 (15) XL:     4   Next: 26%
Magic:  4/10       EV: 11    Int: 12 (14) God:
Gold:   60         SH:  0    Dex:  8 (9)  Spells: 11/12 levels left

rFire    . . .     SeeInvis .   c - +4 whip
rCold    . . .     Gourm    .   (no shield)
rNeg     . . .     Faith    .   (armour unavailable)
rPois    .         Spirit   .   (helmet restricted)
rElec    .         Reflect  .   (no cloak)
rCorr    .         Harm     .   (no gloves)
MR       .....                  (no boots)
Stlth    +.........             (no amulet)
HPRegen  0.11/turn              (no ring)
MPRegen  0.12/turn              (no ring)

@: very slightly contaminated
A: unfitting armour, cold-blooded, AC +5
a: no special abilities


You were on level 2 of the Dungeon.
You were not hungry.

You visited 1 branch of the dungeon, and saw 2 of its levels.

You collected 60 gold pieces.

Inventory:

Hand Weapons
 a - a +0 club
 c - a +4 whip (weapon)
Armour
 d - a cursed +0 robe
Jewellery
 e - an uncursed ring of fire {unknown}
Scrolls
 b - 2 scrolls of teleportation
 g - a scroll of identify {unknown}
 h - a scroll of noise {unknown}
Comestibles
 f - 2 rations


   Skills:
 + Level 0.3 Fighting
 + Level 1.6 Maces & Flails
 + Level 2.0 Throwing
 + Level 1.2 Dodging
 + Level 0.3 Stealth
 + Level 4.6 Spellcasting
 + Level 1.2 Hexes
   Level 2.0 Transmutations
   Level 1.0 Ice Magic


You had 11 spell levels left.
You knew the following spells:

 Your Spells              Type           Power        Failure   Level  Hunger
a - Corona                Hex            #......      13%         1    None

Your spell library contained the following spells:

 Spells                   Type           Power        Failure   Level  Hunger
 Sticks to Snakes         Tmut           #.......     14%         2    ##.....
 Ensorcelled Hibernation  Hex/Ice        #.....       21%         2    ##.....
 Passwall                 Tmut/Erth      #.......     21%         2    ##.....
 Confuse                  Hex            #.......     36%         3    ###....
 Tukima's Dance           Hex            #.......     36%         3    ###....
 Dazzling Spray           Conj/Hex       #.....       43%         3    ###....


Dungeon Overview and Level Annotations

Branches:
Dungeon (2/15)

Altars:
Ashenzari
The Shining One


Innate Abilities, Weirdness & Mutations

Your plain brown scales are hard. (AC +5)
You cannot fit into any form of body armour.
You are cold-blooded and may be slowed by cold attacks.


Message History

Confirm with . or Enter, or press ? or * to list all spells.
Aiming: Corona (safe; 13% risk of failure)
Press: ? - help, Shift-Dir - straight line, f/p - gnoll
Aim: a gnoll (severely wounded, chance to defeat MR: 48%)
The gnoll is outlined in light.
The gnoll hits you!
* * * LOW HITPOINT WARNING * * *
You hit the gnoll.
You kill the gnoll!
You feel your dexterity returning.
You aren't carrying any potions.
Casting: Corona (safe; 13% risk of failure)
Confirm with . or Enter, or press ? or * to list all spells.
Aiming: Corona (safe; 13% risk of failure)
Press: ? - help, Shift-Dir - straight line, f - gnoll
Aim: a gnoll, wielding a +0 flail (chance to defeat MR: 48%)
The gnoll is outlined in light.
The gnoll hits you but does no damage.
You whack the gnoll!
Your tail-slap misses the gnoll.
The gnoll is heavily wounded.
The gnoll hits you with a +0 flail!
You die...

######### #.......#
#### #.# #@#
...#######.#####g#
#................####
...#..#.##..#.##....#
..###...##..#.......#
.##_##..##..........#
..'# ...###.####.#.##
...#..#.# #......#.#
≈.......# ########.#


You could see a gnoll.

Vanquished Creatures
  3 gnolls (D:2)
  2 adders (D:2)
  2 dart slugs (D:1)
  7 bats (D:1)
  2 giant cockroaches (D:1)
  5 goblins
  5 hobgoblins (D:1)
  2 frilled lizards (D:1)
  3 kobolds (D:1)
  6 rats (D:1)
37 creatures vanquished.

Notes
Turn   | Place    | Note
-------+----------+-------------------------------------------
     0 | D:1      | redwoodhats the Draconian Wanderer began the quest for the
                  | Orb.
     0 | D:1      | redwoodhats set off with the following items: a +0 club, a
                  | scroll of teleportation, a ration; and the following spell
                  | memorised: Corona; and the following spells available to
                  | memorise: Sticks to Snakes, Ensorcelled Hibernation,
                  | Passwall, Confuse, Tukima's Dance, Dazzling Spray
     0 | D:1      | Reached XP level 1. HP: 14/14 MP: 5/5
   101 | D:1      | Reached XP level 2. HP: 17/20 MP: 7/7
   307 | D:1      | Found a shattered altar of Ashenzari.
   384 | D:1      | Reached XP level 3. HP: 22/26 MP: 9/9
   829 | D:2      | Reached skill level 1 in Dodging
   851 | D:2      | Found a glowing golden altar of the Shining One.
   891 | D:2      | Reached skill level 1 in Maces & Flails
   923 | D:2      | Reached XP level 4. HP: 23/33 MP: 6/10
   937 | D:2      | Slain by a gnoll

Skill      XL: |  1  2  3 |
---------------+----------+-----
Throwing       | 2 |  2.0
Dodging        | 1 |  1.2
Maces & Flails | 1 |  1.6
Fighting       | |  0.3
Stealth        | |  0.3
Spellcasting   | |  4.6
Hexes          | |  1.2
Transmutations | |  2.0
Ice Magic      | |  1.0

Action                   |  1- 3 |  4- 6 || total
-------------------------+-------+-------++-------
Melee: Whip              |   111 |    10 ||   121
       Club              |     5 |       ||     5
       Tailslap          |     6 |       ||     6
 Cast: Corona            |     6 |     3 ||     9
  Use: Scroll            |     3 |       ||     3
       Potion            |     3 |       ||     3
Armor: Skin              |    40 |     3 ||    43
Dodge: Dodged            |    95 |     5 ||   100
